 Dungeon Crawl Stone Soup version 0.30-a0-141-g30f27751c5 (webtiles) character file.

Game seed: 9305080336533137605

93 Belterius the Trooper (level 4, -12/41 HPs)
             Began as a Minotaur Fighter on Sept 25, 2022.
             Killed from afar by Ijyb (17 damage)
             ... with a bolt of dispelling energy
             ... on level 3 of the Dungeon.
             The game lasted 00:06:40 (1774 turns).

Belterius the Trooper (Minotaur Fighter)            Turns: 1774, Time: 00:06:41

Health: -12/41     AC:  7    Str: 23    XL:     4   Next: 36%
Magic:  3/3        EV:  9    Int:  5    God:
Gold:   142        SH:  4    Dex:  9    Spells: 3/3 levels left

rFire   . . .      SeeInvis .    a - +0 war axe
rCold   . . .      Faith    .    c - +0 buckler
rNeg    . . .      Spirit   .    b - +0 scale mail
rPois   .          Reflect  .    (helmet restricted)
rElec   .          Harm     .    (no cloak)
rCorr   .          Rampage  .    (no gloves)
Will    .....                    (no boots)
Stlth   ..........               (no amulet)
HPRegen 0.13/turn                (no ring)
MPRegen 0.08/turn                (no ring)

@: no status effects
A: horns 2, retaliatory headbutt
a: no special abilities


You were on level 3 of the Dungeon.
You visited 1 branch of the dungeon, and saw 3 of its levels.

You collected 142 gold pieces.

Inventory:

Hand Weapons
 a - a +0 war axe (weapon)
Missiles
 k - 6 javelins (quivered)
Armour
 b - a +0 scale mail (worn)
 c - a +0 buckler (worn)
 n - a +0 chain mail
Scrolls
 e - a scroll of enchant weapon {unknown}
 g - a scroll of noise {unknown}
 h - 2 scrolls of identify {unknown}
 i - a scroll of amnesia {unknown}
 o - a scroll of teleportation {unknown}
 p - a scroll of torment {unknown}
 q - a scroll of blinking {unknown}
Potions
 d - 2 potions of might
 j - a potion of attraction {unknown}
 l - a potion of brilliance {unknown}
 m - a potion of lignification {unknown}


   Skills:
 + Level 4.3 Fighting
 * Level 3.9 Axes
 + Level 4.2 Armour
 + Level 4.3 Shields


You had 3 spell levels left.
You didn't know any spells.
Your spell library contained the following spells:

 Spells                   Type           Power      Damage    Failure   Level
 Animate Dead             Necr           0%         N/A       100%        4
 Haunt                    Necr/Summ      0%         N/A       100%        7
 Infestation              Necr           0%         N/A       100%        8


Dungeon Overview and Level Annotations

Branches:
Dungeon (3/15)

Altars:

Annotations:
D:3 Ijyb


Innate Abilities, Weirdness & Mutations

You have a pair of horns on your head.
You reflexively headbutt those who attack you in melee.


Message History

Something shouts, "What's happening?!"
The orc barely misses you.
You're too confused to attack without stumbling around!
You miss something. You slash the orc!
You kill the orc!
You barely miss something. Something hits you!
* * * LOW HITPOINT WARNING * * *
Something hits you but does no damage.
You're too confused to attack without stumbling around!
You closely miss something. You miss something.
You feel less confused.
You hear some strange, mumbled words.
You are confused.
Something hits you.
* * * LOW HITPOINT WARNING * * *
You're too confused to attack without stumbling around!
You feel much better. Something hits you.
Something hits you but does no damage.
You completely miss something. x2; Something hits you!
Something hits you but does no damage. x2; Something hits you.
* * * LOW HITPOINT WARNING * * *
You're too confused to attack without stumbling around!
You completely miss something. You barely miss something. Something hits you.
* * * LOW HITPOINT WARNING * * *
Something hits you.
* * * LOW HITPOINT WARNING * * *
You miss something. Your headbutt misses something. You barely miss something.
You feel less confused. Something hits you.
* * * LOW HITPOINT WARNING * * *
Something hits you but does no damage. Something completely misses you.
Something hits you but does no damage.
You hit something. You barely miss something.
You hear some strange, mumbled words.
A puff of flame appears from out of thin air!
The puff of flame misses you.
You hear a zap.
A bolt of dispelling energy appears from out of thin air!
The bolt of dispelling energy hits you!
You die...

.....
.o..#.#..#........# .
#.. ##(........#
....#...........#
..###...##..........
.....# #..# ##......#..
##.....##..# #........
#.......#..## #......#.
#...........###........
#.......##.{@..........
#.........){)....#.
##......##...###....
#...$...##.#...# ##.
#.....oo...###.#
#..........# ...
##..........# $##
.............# #
.............#


There were no monsters in sight!

Vanquished Creatures
  4 adders
  A worm (D:3)
  4 orcs (D:3)
  A ball python (D:2)
  4 bats
  5 endoplasms
  3 giant cockroaches
  2 goblins
  5 hobgoblins
  3 kobolds (D:1)
  4 quokkas
  5 frilled lizards
  8 rats
49 creatures vanquished.

Vanquished Creatures (others)
  2 plants (D:1)
2 creatures vanquished.

Grand Total: 51 creatures vanquished

Notes
Turn   | Place    | Note
-------+----------+-------------------------------------------
     0 | D:1      | Belterius the Minotaur Fighter began the quest for the Orb.
     0 | D:1      | Reached XP level 1. HP: 19/19 MP: 0/0
    52 | D:1      | Reached XP level 2. HP: 19/27 MP: 1/1
   880 | D:2      | Reached XP level 3. HP: 15/33 MP: 2/2
  1227 | D:2      | You fall into a shaft and drop 1 floor!
  1660 | D:3      | Reached XP level 4. HP: 38/40 MP: 3/3
  1683 | D:3      | Noticed a great orb of eyes
  1684 | D:3      | Found a faded altar of an unknown god.
  1690 | D:3      | Noticed a great orb of eyes
  1695 | D:3      | Noticed a golden eye
  1695 | D:3      | Noticed a great orb of eyes
  1749 | D:3      | Noticed Ijyb
  1774 | D:3      | Killed from afar by Ijyb

Illustrated notes

Levels and vault maps discovered:
D:1:      psy_arrival_dodecagon, layout_basic, serial_bayou_pond_c,
          grunt_decor_resistance
D:2:      layout_basic
D:3:      layout_rooms, hellmonk_ecumenical_altar_watching_god, uniq_ijyb

Skill      XL: |  1  2 |
---------------+-------+-----
Axes           | 3 |  3.9
Fighting       | 4 |  4.3
Shields        | 4 |  4.3
Armour         | 4 |  4.2

Action                   |  1- 3 |  4- 6 || total
-------------------------+-------+-------++-------
Melee: War axe           |    90 |    18 ||   108
       Headbutt          |     4 |     2 ||     6
  Use: Potion            |       |     3 ||     3
Armor: Scale mail        |    40 |    14 ||    54
Dodge: Dodged            |    33 |     9 ||    42
Block: Buckler           |    19 |       ||    19

Table legend: (Time is in decaauts)
 A = Elapsed time spent in this place.
 B = Non-inter-level travel time spent in this place.
 C = Inter-level travel time spent in this place.
 D = Time resting spent in this place.
 E = Time spent auto-exploring this place.
 F = Levels seen in this place.
 G = Mean time per level.
                   A        B        C        D        E       F      G
               +--------+--------+--------+--------+--------+-----+--------+
         Total |   1823 |   1764 |     59 |    165 |   1258 |   3 |  607.7 |
       Dungeon |   1823 |   1764 |     59 |    165 |   1258 |   3 |  607.7 |
               +--------+--------+--------+--------+--------+-----+--------+

Top non-repeatable levels by time:
     D:1: 1051 daAuts
     D:2: 619 daAuts
     D:3: 151 daAuts
